TKirby, chaotic male elven Ranger ----------- ------------- |.........| |.......>...| #########+..........## |...........| # # |.........|##### ## ----------- |...........|### ### -.-----.-.-#### -----.- |.!%!%%!)?| |.........%..# # ## ## ### # |.....| |.=/%[=))*| |........%..| ### # # ### |.....| |./=*%=))%| ----------|-- # ##### # |.....| |.[%%()%*m| ###### ### # ### |.....| ##-.!+=]%.[@| # # ##### # |.....| # |@.[!*%/*[| ## ### # # ##-......#### ----------- ----.- # ### ### ------- |..<..########## # # |....| # # ### ## |.....####### ### ---.----------+- |....| # |...%..........| ------ ##............)..| |...............####### ---------------- TKirby the Lookout Experience level: 3 Strength: 16 Dexterity: 10 Constitution: 15 Intelligence: 14 Wisdom: 15 Charisma: 9 Health: 0(29) Energy: 21(21) Def: 3 Gold: 327 Moves: 2119 Dungeon seed: QicUW7Zz9edNAaHd Game ID: TKirby_1507572086 Your Inventory: Coins $ - 327 gold pieces Weapons a - the +1 Sting (weapon in hand) b - a +1 elven bow (alternate weapon; not wielded) c - 50 +2 elven arrows (in quiver) d - 31 +0 elven arrows Armor e - an uncursed +2 elven cloak (being worn) Comestibles f - 2 uncursed lembas wafers q - 3 uncursed food rations u - 2 uncursed sprigs of wolfsbane v - an uncursed tripe ration Scrolls g - an uncursed scroll of gold detection s - a blessed scroll of light w - an uncursed scroll of remove curse Potions h - an uncursed potion of speed i - an uncursed potion of object detection o - 2 uncursed potions of acid t - an uncursed potion of enlightenment Rings n - an uncursed ring of warning Tools j - an uncursed blindfold p - an uncursed credit card Spells and supernatural/magical abilities: Name Level Category Fail Memory W - pray for help -- divine ? -- Your skills at the end: Fighting Skills Weapon Skills dagger [Basic] bow [Basic] Spellcasting Skills Final Attributes: You were piously aligned. You were aware of the presence of orcs. You had automatic searching. You had infravision. You were stealthy. You were held by a giant mimic. You were very fast. You are dead. Vanquished creatures: an iguana 2 coyotes 2 giant rats a gnome 3 geckos a jackal 3 goblins 9 grid bugs 5 lichens 6 newts 33 creatures vanquished. Voluntary challenges: You used a wielded weapon 37 times, starting on turn 5. You read items or engraved 2 times, starting on turn 2116. You never genocided any monsters. You never polymorphed an object. You never changed form. You used no wishes. You never split a pudding. You never wrote Elbereth's name. You never violated your personal moral code. Dungeon overview: The Dungeons of Doom: levels 1 to 4 Level 1 some altars to Mercury and Venus, a sink a long staircase Level 2 some fountains Level 3 an altar to Mercury, a sink a long staircase Level 4 <- You were here a general store History has recorded: On T:1 you entered the Dungeons of Doom to retrieve the Amulet of Yendor! On T:468 you advanced to experience level 2. On T:543 you reached level 2 of The Dungeons of Doom. On T:1332 you reached level 3 of The Dungeons of Doom. On T:1526 you advanced to experience level 3. On T:1825 you reached level 4 of The Dungeons of Doom. Score breakdown: Gold: 327 ( 8558 points) Experience: 3 levels ( 7878 points) Exploration: 4 levels ( 7.84%) ( 7348 points) Discoveries: 3 items ( 1.03%) ( 3051 points) Valuables value: (no points given unless you survive) Artifact value: 800 ( 9877 points) Variety of kills: 10 monsters ( 2.62%) ( 4860 points) Turncount: 2119 turns ( -86 points) Survival: died (score multiplied by 80%) Total score: 33188 Latest messages: You begin praying to Mars. You are surrounded by a shimmering light. You feel that Mars is well-pleased. You feel much better. <2 scrolls of identify for 52 zorkmids. Pay? [yn]: y> You bought 2 scrolls of identify for 52 gold pieces. "Thank you for shopping in Akalapi's general store!" The giant mimic hits! (2x) As you read the scroll, it disappears. This is an identify scroll. s - a blessed scroll of light. You miss the giant mimic. As you read the scroll, it disappears. This is an identify scroll. h - 2 uncursed potions of speed. You are suddenly moving much faster. The giant mimic hits! (2x) You die... Akalapi gratefully inherits all your possessions. Final status: Goodbye TKirby the Ranger, killed by a giant mimic... You died in The Dungeons of Doom on dungeon level 4 with 33188 points, and 327 pieces of gold, after 2119 moves. You were level 3 with a maximum of 29 hit points when you died.